 Dungeon Crawl Stone Soup version 0.28.0-53-g5a82cb258f (webtiles) character file.

Game seed: 8628417671174534878

58 Sin92 the Skirmisher (level 3, 0/29 HPs)
             Began as a Demonspawn Fighter on June 6, 2022.
             Slain by an orc
             ... wielding a +0 flail
              (4 damage)
             ... on level 3 of the Dungeon.
             The game lasted 00:01:03 (1606 turns).

Sin92 the Skirmisher (Demonspawn Fighter)           Turns: 1606, Time: 00:01:03

Health: 0/29       AC:  6    Str: 16    XL:     3   Next: 76%
Magic:  3/3        EV:  9    Int:  9    God:
Gold:   94         SH:  9    Dex: 14    Spells: 2/2 levels left

rFire   . . .      SeeInvis .   a - +0 trident
rCold   . . .      Faith    .   c - +0 buckler
rNeg    . . .      Spirit   .   b - +0 scale mail
rPois   .          Reflect  .   (no helmet)
rElec   .          Harm     .   (no cloak)
rCorr   .          Rampage  .   (no gloves)
Will    .....                   (no boots)
Stlth   ..........              (no amulet)
HPRegen 0.09/turn               (no ring)
MPRegen 0.08/turn               (no ring)

@: no status effects
A: condensation shield
a: no special abilities


You were on level 3 of the Dungeon.
You visited 1 branch of the dungeon, and saw 3 of its levels.

You collected 94 gold pieces.

Inventory:

Hand Weapons
 a - a +0 trident (weapon)
Armour
 b - a +0 scale mail (worn)
 c - a +0 buckler (worn)
Jewellery
 i - a ring of ice
 l - a +6 ring of strength
Scrolls
 g - 2 scrolls of identify {unknown}
 h - a scroll of torment {unknown}
 j - a scroll of magic mapping {unknown}
 m - a scroll of noise {unknown}
Potions
 d - a potion of might
 e - 2 potions of degeneration {unknown}
 f - a potion of curing {unknown}
 k - a potion of flight {unknown}
 n - a potion of mutation {unknown}


   Skills:
 + Level 3.4 Fighting
 + Level 2.2 Polearms
 + Level 3.1 Armour
 + Level 1.1 Dodging
 + Level 3.1 Shields


You had 2 spell levels left.
You didn't know any spells.
Your spell library contained the following spells:

 Spells                   Type           Power      Damage    Failure   Level
 Inner Flame              Hex/Fire       0%         N/A       99%         3
 Cause Fear               Hex            0%         N/A       100%        4
 Summon Forest            Summ/Tloc      0%         N/A       100%        5
 Eringya's Noxious Bog    Tmut/Pois      0%         N/A       100%        6
 Summon Hydra             Summ           0%         N/A       100%        7
 Discord                  Hex            0%         N/A       100%        8


Dungeon Overview and Level Annotations

Branches:
Dungeon (3/15)

Altars:
Gozag


Innate Abilities, Weirdness & Mutations

A meltable shield of frost defends you. (SH +4)


Message History

An orc wizard comes into view.
It is wielding a +0 dagger of electrocution.
The orc hits you with a +0 hand axe. The orc barely misses you.
Unknown command.
You closely miss the orc.
The orc is severely wounded.
You block the orc's attack. The orc hits you with a +0 hand axe.
The orc barely misses you.
Unknown command.
You closely miss the orc.
The orc is severely wounded.
You block the orc's attack. The orc closely misses you.
The orc wizard mumbles some strange words.
The orc wizard flickers and vanishes!
Deactivating autopickup; reactivate with Ctrl-A.
The orc hits you with a +0 flail!
You hit the orc but do no damage.
The orc is severely wounded.
The orc hits you with a +0 hand axe. The orc closely misses you.
The orc hits you but does no damage.
Unknown command.
You are too injured to fight recklessly!
Unknown command.
You are too injured to fight recklessly!
Unknown command.
You are too injured to fight recklessly!
You are too injured to fight recklessly!
You miss something. The orc closely misses you.
The orc hits you with a +0 flail. The orc hits you but does no damage.
Unknown command.
Unknown command.
You barely miss the orc.
You hear some strange, mumbled words.
A magic dart appears from out of thin air!
The magic dart hits you.
* * * LOW HITPOINT WARNING * * *
The orc hits you with a +0 flail.
* * * LOW HITPOINT WARNING * * *
You block the orc's attack. x2; Something completely misses you.
The orc hits you with a +0 flail.
You die...

##### ### ....
... #..##.#
####).#.# #
#..o{o.#
#.##.##@o#
#........#
####...#......
###.#######
#..## ##.#.##
#.###.# ..
##.#.## #.
#.## #.


You could see 3 orcs.

Vanquished Creatures
  An adder (D:2)
  2 worms (D:2)
  A dart slug (D:2)
  5 bats
  6 endoplasms
  3 giant cockroaches
  3 goblins
  2 hobgoblins
  2 jackals (D:2)
  2 kobolds
  5 ball pythons
  2 frilled lizards
  4 rats
38 creatures vanquished.

Notes
Turn   | Place    | Note
-------+----------+-------------------------------------------
     0 | D:1      | Sin92 the Demonspawn Fighter began the quest for the Orb.
     0 | D:1      | Reached XP level 1. HP: 18/18 MP: 1/1
   212 | D:1      | Found a faded altar of an unknown god.
   545 | D:2      | Gained mutation: A meltable shield of frost defends you.
                  | (SH +4) [demonic ancestry]
   545 | D:2      | Reached XP level 2. HP: 24/24 MP: 2/2
   815 | D:2      | Reached XP level 3. HP: 17/29 MP: 3/3
  1028 | D:2      | Reached skill level 1 in Dodging
  1544 | D:3      | Found an opulent altar of Gozag.
  1606 | D:3      | Slain by an orc

Illustrated notes

Levels and vault maps discovered:
D:1:      dpeg_arrival_simpleton_c, layout_rooms,
          shapermc_ecumenical_altar_ellora, hangedman_decor_growths
D:2:      minmay_inner_zag, layout_rooms, minmay_tree_intersection,
          guppyfry_early_lair_pool
D:3:      layout_loops_cross, mainiacjoe_overflow_tiny_flanked

Skill      XL: |  1  2  3 |
---------------+----------+-----
Polearms       | 2 |  2.2
Armour         | 3 |  3.1
Shields        | 3 |  3.1
Dodging        | 1 |  1.1
Fighting       | |  3.4

Action                   || total
-------------------------++-------
Melee: Trident           ||   126
Armor: Scale mail        ||    33
Dodge: Dodged            ||    46
Block: Buckler           ||    44
